 Dungeon Crawl Stone Soup version 0.23.2-1-ga50397a6bc (webtiles) character file.

Game seed: 15810875726396763730

18 Menchi the Skirmisher (level 2, 0/28 HPs)
             Began as a Naga Fighter on May 18, 2019.
             Slain by a rat (2 damage)
             ... on level 2 of the Dungeon.
             The game lasted 00:02:11 (879 turns).

Menchi the Skirmisher (Naga Fighter)                 Turns: 879, Time: 00:02:11

Health: 0/28       AC:  5    Str: 18    XL:     2   Next: 70%
Magic:  2/2        EV:  7    Int:  8    God:
Gold:   81         SH:  0    Dex: 10    Spells: 1/1 levels left

rFire    + . .     SeeInvis +   s - +2 mace (drain)
rCold    x . .     Gourm    .   (no shield)
rNeg     . . .     Faith    .   b - +0 scale mail
rPois    +         Spirit   .   m - +0 helmet
rElec    .         Reflect  .   (no cloak)
rCorr    .         Harm     .   (no gloves)
MR       .....                  (no barding)
Stlth    ..........             (no amulet)
HPRegen  0.09/turn              i - ring of fire
MPRegen  0.08/turn              (no ring)

@: very slow
A: large, see invisible, deformed body, poison resistance, slowness 2, slow
metabolism 1, spit poison 1, AC +0
a: Spit Poison


You were on level 2 of the Dungeon.
You were not hungry.

You visited 1 branch of the dungeon, and saw 2 of its levels.

You collected 81 gold pieces.

Inventory:

Hand Weapons
 k - a +1 whip of holy wrath
 s - a +2 mace of draining (weapon)
Armour
 b - a +0 scale mail (worn)
 c - a +0 shield
 m - a +0 helmet (worn)
Jewellery
 i - a ring of fire (left hand)
Scrolls
 e - 2 scrolls of remove curse {unknown}
 h - a scroll of identify {unknown}
 l - 3 scrolls of teleportation {unknown}
 o - a scroll of amnesia {unknown}
Potions
 d - a potion of might
 g - a potion of heal wounds {unknown}
 j - 2 potions of brilliance {unknown}
 n - 2 potions of lignification {unknown}
 p - a potion of resistance {unknown}
 q - a potion of agility {unknown}
Comestibles
 f - a ration
 r - a chunk of flesh


   Skills:
 * Level 3.6 Fighting
   Level 2.0 Polearms
 - Level 2.4 Armour
 + Level 0.8 Dodging
 - Level 2.4 Shields


You had one spell level left.
You didn't know any spells.
Your spell library was empty.

Dungeon Overview and Level Annotations

Branches:
Dungeon (2/15)

Altars:


Innate Abilities, Weirdness & Mutations

You cannot wear boots.
Your serpentine skin is tough. (AC +0)
You have supernaturally acute eyesight. (SInv)
Armour fits poorly on your strangely shaped body.
Your system is resistant to poisons. (rPois)
You cover ground very slowly.
You have a slow metabolism.
You can spit poison.


Message History

You closely miss the adder.
The adder is heavily wounded.
You have got your breath back.
The adder bites you. The rat bites you. The kobold hits you with a +0 club.
The rat bites you. The adder closely misses you.
The kobold hits you with a +0 club.
* * * LOW HITPOINT WARNING * * *
You miss the adder.
The adder is heavily wounded.
The adder bites you but does no damage. The rat bites you.
* * * LOW HITPOINT WARNING * * *
The kobold closely misses you. The adder bites you.
* * * LOW HITPOINT WARNING * * *
You closely miss the adder.
The adder is heavily wounded.
The rat bites you but does no damage. The adder bites you but does no damage.
The kobold hits you with a +0 club.
* * * LOW HITPOINT WARNING * * *
The rat bites you.
You die...

#..[...# #.. #)# #.# #
####.#####.##.#
#.............#
##.#.##.#####.#### .
#..>....#####.####...
#.##.#รท##$...........
# ##.#.##....r!###.S.
#.#..#.##...@S.#
#.......#....K.......
#.#.##..#......###$..
#..).<..#......# #
#..#.#.......### #
#..#..####.# ##.#..#
#.# .....# ..# ....##


You could see an adder, a kobold and a rat.

Vanquished Creatures
  A worm (D:2)
  A dart slug (D:1)
  A ball python (D:1)
  A bat (D:2)
  A giant cockroach (D:1)
  4 hobgoblins (D:1)
  3 frilled lizards (D:1)
  A kobold (D:1)
13 creatures vanquished.

Notes
Turn   | Place    | Note
-------+----------+-------------------------------------------
     0 | D:1      | Menchi the Naga Fighter began the quest for the Orb.
     0 | D:1      | Reached XP level 1. HP: 21/21 MP: 1/1
   404 | D:1      | Reached XP level 2. HP: 24/28 MP: 2/2
   879 | D:2      | Slain by a rat

Action                   || total
-------------------------++-------
Melee: Trident           ||    22
       Whip              ||    31
       Mace              ||    11
 Abil: Spit Poison       ||     2
Armor: Scale mail        ||    31
Dodge: Dodged            ||    21
